 Dungeon Crawl Stone Soup version 0.30-b1-2-g02819fbbbe (webtiles) character file.

Game seed: 10131774079246806355

195150 LLlMATKO the Severer (level 17, -1/249 HPs)
             Began as a Minotaur Berserker on July 6, 2023.
             Was the Champion of Trog.
             Slain by a nagaraja
             ... wielding a +0 spear
              (28 damage)
             ... on level 2 of the Snake Pit.
             The game lasted 00:37:53 (32064 turns).

LLlMATKO the Severer (Minotaur Berserker)          Turns: 32064, Time: 00:37:54

Health: -1/249     AC: 30    Str: 25    XL:     17   Next: 70%
Magic:  16/16      EV: 12    Int:  3    God:    Trog [******]
Gold:   1848       SH: 15    Dex: 15    Spells: 16/16 levels left

rFire   + . .        J - +5 broad axe (heavy)
rCold   + + .        L - +0 kite shield {reflect}
rNeg    . . .        T - +4 plate armour {rPois}
rPois   +            Z - +2 hat
rElec   +            c - scarf {rC+ rF+}
rCorr   +            n - +0 pair of gloves
SInv    +            F - +3 pair of seven-league boots {Rampage+∞}
Will    ++++.        X - necklace of Bloodlust {Fury *Rage Will++ Int-3 Slay+6} Stlth
                     O - ring "Jusoc" {rCorr Int+2 SInv}
HPRegen 0.61/turn    W - ring of Qehasurch {rElec rC+ Will+}
MPRegen 0.15/turn

%: random rage (50%), reflection, rampage+∞
@: berserking, lethally poisoned (-1 -> -17), constricted, studying 3 skills,
very quick
A: horns 2, retaliatory headbutt
}: 1/15 runes: decaying
a: Renounce Religion, Berserk, Trog's Hand, Brothers in Arms


You were on level 2 of the Snake Pit.
You worshipped Trog.
Trog was exalted by your worship.
You visited 5 branches of the dungeon, and saw 27 of its levels.
You also visited: Bailey.

You collected 2732 gold pieces.
You spent 884 gold pieces at shops.

Inventory:

Hand Weapons
 G - a +2 war axe of electrocution
 J - a +5 heavy broad axe (weapon)
 M - a +2 whip of venom
Missiles
 r - 42 poisoned darts (quivered)
 w - 3 throwing nets
 C - 11 atropa-tipped darts
 N - 15 curare-tipped darts
 Q - 3 datura-tipped darts
Armour
 c - a scarf of resistance (worn)
 l - the +8 plate armour "Hener" {+Blink Str+3 Dex+2}
   (You acquired it on level 8 of the Dungeon)

   Str:       It affects your strength (+3).
   Dex:       It affects your dexterity (+2).
   +Blink:    It lets you blink.
 n - a +0 pair of gloves (worn)
 F - the +3 pair of seven-league boots (worn) {Rampage+∞}
   (You acquired it on level 1 of the Lair of Beasts)

   Rampage+∞: When moving toward enemies, its wearer moves as far as possible.
 L - a +0 kite shield of reflection (worn)
 T - a +4 plate armour of poison resistance (worn)
 Z - a +2 hat (worn)
Jewellery
 a - an amulet of faith
 h - an amulet of regeneration
 i - a ring of ice
 B - a +5 ring of evasion
 H - a ring of positive energy
 O - the ring "Jusoc" (left hand) {rCorr Int+2 SInv}
   (You found it on level 5 of the Lair of Beasts)

   [ring of see invisible]

   Int:       It affects your intelligence (+2).
   SInv:      It lets you see invisible.
   rCorr:     It protects you from acid and corrosion.
 P - a ring of protection from fire
 S - an amulet of reflection
 V - an amulet of the acrobat
 W - the ring of Qehasurch (right hand) {rElec rC+ Will+}
   (You found it on level 12 of the Dungeon)

   [ring of protection from cold]

   rC:        It protects you from cold.
   rElec:     It insulates you from electricity.
   Will:      It increases your willpower.
 X - the necklace of Bloodlust (around neck) {Fury *Rage Will++ Int-3 Slay+6}
   (You found it on level 13 of the Dungeon)

   [amulet of nothing]

   Fury:      It extends the wearer's berserk rage when killing foes.
   Int:       It affects your intelligence (-3).
   Slay:      It affects your accuracy & damage with ranged weapons and melee
   (+6).
   *Rage:     It berserks you when you make melee attacks (+50% chance).
   Will:      It greatly increases your willpower.
Wands
 m - a wand of iceblast (18)
 q - a wand of paralysis (43)
 v - a wand of mindburst (13)
 x - a wand of digging (3)
 A - a wand of flame (11)
 K - a wand of polymorph (6)
 U - a wand of quicksilver (30)
Scrolls
 f - 5 scrolls of fear
 j - 3 scrolls of enchant weapon
 o - 5 scrolls of noise
 s - 8 scrolls of identify
 t - 7 scrolls of fog
 u - 2 scrolls of brand weapon
 y - 12 scrolls of teleportation
 I - a scroll of enchant armour
 R - a scroll of blinking
Potions
 b - 11 potions of heal wounds
 d - 3 potions of magic
 e - 3 potions of berserk rage
 g - 3 potions of might
 k - 3 potions of flight
 p - 9 potions of curing
 z - 6 potions of haste
 D - 3 potions of cancellation
 E - 3 potions of invisibility
 Y - 2 potions of resistance


   Skills:
 + Level 18.3 Fighting
 + Level 20.2 Axes
 + Level 18.1 Armour
 + Level 16.7 Dodging
 + Level 18.2 Shields


You had 16 spell levels left.
You didn't know any spells.
Your spell library was empty.

Dungeon Overview and Level Annotations

Branches:
Dungeon (14/15)            Temple (0/1) D:4            Lair (5/5) D:10
  Swamp (4/4) Lair:2        Snake (2/4) Lair:2        Slime (0/5) Lair:4
    Orc (2/2) D:9             Elf (0/3) Orc:2        Vaults (0/5) D:14
 Bailey (visited)

Altars:
Ashenzari
Cheibriados
Dithmenos
Elyvilon
Gozag
Kikubaaqudgha
Makhleb
Okawaru
Qazlal
Sif Muna
Trog
Uskayaw
Vehumet
Wu Jian
Yredelemnul

Shops:
D:1 (   D:11 !   D:14 [   Orc:2 ?([!:   Snake:1 **

Portals:
Abyss: D:7


Innate Abilities, Weirdness & Mutations

You have a pair of horns on your head.
You reflexively headbutt those who attack you in melee.


Message History

You feel sick.
* * * LOW HITPOINT WARNING * * *
The nagaraja spits poison at you.
The splash of poison hits you but does no damage.
You are more poisoned.
You resist. You block the naga warrior's attack.
The naga ritualist spits poison at you.
The splash of poison hits you but does no damage.
You are more poisoned.
You resist.
The naga sharpshooter shoots an arrow.
The arrow closely misses you.
You stride towards the nagaraja!
You barely miss the nagaraja. You barely miss the naga warrior.
You slash the naga ritualist! You slice the nagaraja!!
You feel very sick.
* * * LOW HITPOINT WARNING * * *
The nagaraja barely misses you. You furiously retaliate!
You headbutt the nagaraja!! The nagaraja grabs you.
The nagaraja constricts you.
The naga mage hits you from afar with a +0 spear.
* * * LOW HITPOINT WARNING * * *
You block the naga warrior's attack. The nagaraja hits you with a +0 spear!
* * * LOW HITPOINT WARNING * * *
The nagaraja constricts you.
Unknown command.
Unknown command.
You slice the naga ritualist like a ripe choko!!!
The naga ritualist is almost dead.
You carve the nagaraja like a ham!!! You slice the nagaraja!!
You slice the naga warrior!!
You feel very sick.
* * * LOW HITPOINT WARNING * * *
The naga mage hits you from afar with a +0 spear.
* * * LOW HITPOINT WARNING * * *
The naga sharpshooter mumbles some strange words.
The naga sharpshooter magically shoots an arrow.
The arrow hits you.
* * * LOW HITPOINT WARNING * * *
The nagaraja hits you with a +0 spear!!
You die...

...............#
##........##.###
............#### ..#
...#......####.. ...#
####.#.#....##.. ...#
.##......#####.. #..##
...)....#####.NN##...####
.###)#..##....SNNN......#
........##....SN@)).....#
.#......##..#####))N##..#
##......# ##))##..#
.....#### #).....#
##...##.# #.†....#
....###.## ##))....#
..)......########...#####
....####.............>...
.##.# ##.#######....###.


You could see 2 nagarajas, a naga warrior (strong), a naga sharpshooter
(strong), a naga ritualist (strong, toxic aura, catching breath), 2 shock
serpents and 2 naga magi.

Vanquished Creatures
  Bai Suzhen (Swamp:3)
  Saint Roka (Orc:2)
  Jorgrun (Swamp:3)
  Rupert (Snake:1)
  Kirke (D:12)
  A thorn hunter (Swamp:4)
  Donald (Swamp:3)
  Roxanne (D:14)
  A nagaraja (Snake:2)
  The ghost of LLlMATKO the Fighter, a journeyman MiBe of Trog (Lair:5)
  The ghost of Metae the Fighter, a journeyman MiFi of Uskayaw (Lair:5)
  4 eleionomae
  3 bunyips
  The ghost of Manslay the Destroyer, a journeyman OpCj of Sif Muna (Lair:5)
  Snorg (Lair:4)
  2 shambling mangroves (Swamp:4)
  5 vault guards (D:14)
  16 hydras
  2 salamander tyrants (Snake:2)
  A spriggan air mage (Swamp:2)
  An ogre mage (D:13)
  A merfolk avatar (Lair:5)
  3 boulder beetles
  5 centaur warriors
  6 anacondas
  A catoblepas (Lair:4)
  A tengu warrior (D:12)
  5 alligators
  6 two-headed ogres
  6 orc high priests
  4 naga warriors
  7 death yaks (Lair:5)
  2 spriggan berserkers (Swamp:2)
  5 shock serpents
  2 deep troll earth magi (D:13)
  4 naga sharpshooters
  A deep elf knight (D:14)
  3 skeletal warriors (D:13)
  3 skysharks
  A salamander mystic (Snake:2)
  2 deep trolls (D:13)
  An iron troll (D:13)
  A sea snake (Lair:5)
  8 bog bodies
  8 swamp dragons
  3 goliath frogs
  4 spriggan druids
  4 wizards
  A phantasmal warrior (D:12)
  A lindwurm (Lair:5)
  2 orc knights
  3 deep elf pyromancers
  A deep elf zephyrmancer (D:13)
  7 will-o-the-wisps
  20 ugly things
  3 orc sorcerers
  14 salamanders
  The ghost of Termiter the Reanimator, a novice DsNe (D:7)
  2 manticores
  4 moths of wrath (D:13)
  A toenail golem (D:7)
  5 cyclopes
  14 elephants (Lair:5)
  12 black mambas
  2 guardian serpents (Snake:2)
  5 naga magi
  Maurice (Orc:2)
  A gargoyle (D:14)
  A torpor snail (Lair:1)
  9 cane toads
  2 unseen horrors
  An efreet (D:14)
  4 rime drakes
  Psyche (D:8)
  A freezing wraith (D:14)
  5 komodo dragons
  2 yaktaurs
  A tengu conjurer (D:14)
  4 kobold demonologists
  A silent spectre (D:13)
  6 polar bears
  A bloated husk (Swamp:1)
  7 trolls
  20 hornets
  5 tyrant leeches
  A wind drake (shapeshifter) (D:13)
  9 dream sheep
  19 blink frogs
  A snapping turtle (Lair:5)
  A slime creature (D:12)
  20 spriggans
  A shadow (D:11)
  A vampire (D:9)
  3 wraiths
  61 yaks
  4 wyverns
  A hog (D:12)
  A human (D:9)
  5 basilisks
  2 steam dragons
  The ghost of Alarkh the Shooter, an amateur DsHs (D:3)
  10 vampire mosquitoes
  8 wargs
  Menkaure (D:4)
  An acid dragon (D:10)
  16 nagas
  17 swamp worms
  14 water moccasins
  3 small abominations (D:7)
  2 black bears
  5 swamp drakes
  28 orc warriors
  7 ogres
  An ice beast (D:6)
  A sky beast (D:8)
  5 wolves (Lair:3)
  A boggart (D:12)
  13 centaurs
  2 kobold brigands
  6 bullfrogs
  2 wyvern zombies (D:7)
  8 scorpions
  8 wights
  23 killer bees
  5 electric eels
  3 howler monkeys
  3 lava snakes (Lair:2)
  2 centaur zombies (D:7)
  7 jellies
  A gnoll bouda (D:9)
  2 hounds
  A bullfrog zombie (D:7)
  38 orc priests
  A sleepcap (D:6)
  2 iguanas
  Terence (D:2)
  Natasha (thrice) (D:3)
  18 orc wizards
  10 hell rats (Lair:4)
  4 killer bee zombies (D:7)
  4 howler monkey zombies (D:7)
  14 gnolls
  6 adders
  2 shadow imps (D:6)
  A white imp (D:5)
  2 ufetubi
  5 worms
  2 dart slugs
  94 orcs
  8 bats
  9 endoplasms
  8 giant cockroaches
  17 goblins
  14 hobgoblins
  3 jackals (D:2)
  4 quokkas
  7 ball pythons
  2 frilled lizards (D:3)
  13 kobolds
  4 rats
  7 butterflies (D:11)
955 creatures vanquished.

Vanquished Creatures (collateral kills)
  The ghost of Clive the Severer, a journeyman MiFi of Makhleb (Lair:5)
  2 bunyips (Swamp:2)
  A spriggan druid (Swamp:2)
  3 vampire mosquitoes (Swamp:2)
  2 orc warriors (Orc:2)
  A killer bee (D:8)
  An orc (Orc:2)
11 creatures vanquished.

Vanquished Creatures (others)
  A swamp dragon (Swamp:4)
  A manticore (Lair:5)
  3 bloated husks
  A tyrant leech (Swamp:1)
  A human (D:12)
  20 foxfires
  45 fungi
  62 plants
  4 withered plants
138 creatures vanquished.

Grand Total: 1104 creatures vanquished

Notes
Turn   | Place    | Note
-------+----------+-------------------------------------------
     0 | D:1      | LLlMATKO the Minotaur Berserker began the quest for the
                  | Orb.
     0 | D:1      | Reached XP level 1. HP: 19/19 MP: 0/0
   162 | D:1      | Found Qacvofie's Antique Weapon Shoppe.
   228 | D:1      | Reached XP level 2. HP: 27/27 MP: 1/1
   802 | D:2      | Reached skill level 4 in Axes
   805 | D:2      | Reached XP level 3. HP: 33/33 MP: 2/2
   830 | D:2      | Noticed Terence
   835 | D:2      | Reached ** piety under Trog
   844 | D:2      | Killed Terence
  1050 | D:2      | Reached XP level 4. HP: 40/41 MP: 3/3
  1457 | D:2      | Reached XP level 5. HP: 44/47 MP: 4/4
  1829 | D:3      | Noticed a water moccasin
  1842 | D:3      | Killed a water moccasin
  1843 | D:3      | Reached skill level 5 in Fighting
  1843 | D:3      | Reached skill level 5 in Axes
  1920 | D:3      | Reached XP level 6. HP: 46/56 MP: 5/5
  2218 | D:3      | Noticed Natasha
  2219 | D:3      | Found a runed translucent door.
  2220 | D:3      | Noticed Alarkh's ghost (amateur DsHs)
  2229 | D:3      | Killed Natasha
  2359 | D:3      | Found a white marble altar of Elyvilon.
  2461 | D:3      | Found a basalt altar of Yredelemnul.
  2611 | D:3      | Found a faded altar of an unknown god.
  2749 | D:3      | Killed Alarkh's ghost
  2864 | D:4      | Reached XP level 7. HP: 56/62 MP: 6/6
  2896 | D:4      | Reached skill level 5 in Armour
  2950 | D:4      | Found a staircase to the Ecumenical Temple.
  3100 | D:4      | Found a radiant altar of Vehumet.
  3100 | D:4      | Found an iron altar of Okawaru.
  3129 | D:4      | Found a shadowy altar of Dithmenos.
  3132 | D:4      | Found a hide-covered altar of Uskayaw.
  3134 | D:4      | Found an ornate altar of the Wu Jian Council.
  3140 | D:4      | Found a bloodstained altar of Trog.
  3162 | D:4      | Reached *** piety under Trog
  3204 | D:4      | Reached skill level 6 in Axes
  3331 | D:4      | Noticed Menkaure
  3343 | D:4      | Killed Menkaure
  3344 | D:4      | Reached skill level 5 in Dodging
  3628 | D:5      | Entered Level 5 of the Dungeon
  3977 | D:5      | Reached XP level 8. HP: 67/71 MP: 7/7
  4525 | D:6      | Reached skill level 7 in Axes
  5135 | D:7      | Found a transporter.
  5275 | D:7      | Found a one-way gate to the infinite horrors of the Abyss.
  5275 | D:7      | Noticed Termiter's ghost (novice DsNe)
  5287 | D:7      | Found a transporter.
  5412 | D:7      | Reached XP level 9. HP: 39/80 MP: 8/8
  5413 | D:7      | Reached skill level 8 in Axes
  5662 | D:7      | Reached **** piety under Trog
  5671 | D:7      | Found a stormy altar of Qazlal.
  5765 | D:7      | Found a burning altar of Makhleb.
  5949 | D:7      | Noticed a toenail golem
  6031 | D:8      | Identified a scroll of acquirement
  6031 | D:8      | Acquired the +8 plate armour "Hener" {+Blink Str+3 Dex+2}
  6221 | D:8      | Reached skill level 9 in Axes
  6285 | D:8      | Found a snail-covered altar of Cheibriados.
  6441 | D:8      | Found a flagged portal.
  6456 | Bailey   | Entered a bailey
  6600 | Bailey   | Noticed an orc sorcerer
  6607 | Bailey   | Killed an orc sorcerer
  6608 | Bailey   | Reached XP level 10. HP: 91/91 MP: 9/9
  6673 | Bailey   | Noticed an orc knight
  6681 | Bailey   | Killed an orc knight
  6991 | Bailey   | Reached skill level 10 in Axes
  7142 | Bailey   | Reached skill level 10 in Fighting
  7242 | Bailey   | Found an iron altar of Okawaru.
  7311 | Bailey   | Identified the +2 robe of the Morning {Str+3}
  7669 | D:8      | Noticed Psyche
  7672 | D:8      | Killed Psyche
  7673 | D:8      | Reached skill level 10 in Armour
  7750 | D:8      | Reached ***** piety under Trog
  7898 | D:8      | Found an opulent altar of Gozag.
  8393 | D:9      | Reached skill level 1 in Shields
  8553 | D:9      | Found a staircase to the Orcish Mines.
  8558 | D:9      | Reached XP level 11. HP: 101/101 MP: 10/10
  8561 | D:9      | Received a gift from Trog
  9229 | D:10     | Entered Level 10 of the Dungeon
  9257 | D:10     | Reached skill level 11 in Axes
  9373 | D:10     | Found a broken altar of Ashenzari.
  9524 | D:10     | Found an ancient bone altar of Kikubaaqudgha.
  9891 | D:10     | Found a staircase to the Lair.
 10180 | D:11     | Reached skill level 10 in Dodging
 10183 | D:11     | Found a runed translucent door.
 10259 | D:11     | Found Duem's Distillery.
 10463 | D:11     | Noticed a red ugly thing
 10471 | D:11     | Killed a red ugly thing
 10487 | D:11     | Noticed a two-headed ogre
 10494 | D:11     | Killed a two-headed ogre
 10642 | D:11     | Found a runed translucent door.
 10706 | D:11     | Noticed a two-headed ogre
 10711 | D:11     | Killed a two-headed ogre
 10712 | D:11     | Reached skill level 5 in Shields
 11313 | D:7      | Killed Termiter's ghost
 11542 | D:12     | Reached skill level 12 in Axes
 11545 | D:12     | Reached XP level 12. HP: 92/112 MP: 11/11
 11712 | D:12     | Noticed a two-headed ogre
 11719 | D:12     | Killed a two-headed ogre
 11752 | D:12     | Noticed a centaur warrior
 11759 | D:12     | Killed a centaur warrior
 11778 | D:12     | Noticed a two-headed ogre
 11784 | D:12     | Killed a two-headed ogre
 12043 | D:12     | Noticed Kirke
 12063 | D:12     | HP: 5/169 [hog[Kirke] (9)]
 12064 | D:12     | Killed Kirke
 12646 | D:12     | Noticed a boulder beetle
 12652 | D:12     | Killed a boulder beetle
 12981 | D:12     | Noticed a tengu warrior
 12998 | D:12     | Killed a tengu warrior
 12999 | D:12     | Reached skill level 13 in Axes
 13053 | D:12     | Received a gift from Trog
 13064 | D:12     | Identified the ring of Qehasurch {rElec rC+ Will+}
 13213 | D:12     | Reached XP level 13. HP: 122/122 MP: 12/12
 13306 | Lair:1   | Entered Level 1 of the Lair of Beasts
 13307 | Lair:1   | Acquired the +3 pair of seven-league boots {Rampage+∞}
 13307 | Lair:1   | Found the +3 pair of seven-league boots {Rampage+∞}
 13570 | D:3      | Noticed Natasha
 13575 | D:3      | Killed Natasha
 13733 | D:3      | Found a white marble altar of Elyvilon.
 13836 | D:3      | Found a basalt altar of Yredelemnul.
 13938 | D:3      | Found a faded altar of an unknown god.
 14372 | D:3      | Found a faded altar of an unknown god.
 14486 | D:3      | Noticed Natasha
 14488 | D:3      | Found a white marble altar of Elyvilon.
 14489 | D:3      | Killed Natasha
 14646 | D:3      | Found a basalt altar of Yredelemnul.
 15063 | Lair:1   | Identified the +0 plate armour of the Vacuum {+Inv Will-
                  | rCorr Dex-3}
 15797 | Lair:2   | Found a staircase to the Snake Pit.
 16168 | Lair:2   | Found a staircase to the Swamp.
 17171 | Lair:3   | Reached skill level 14 in Axes
 17599 | Lair:4   | You fall into a shaft and drop 1 floor!
 17599 | Lair:5   | Entered Level 5 of the Lair of Beasts
 17659 | Lair:4   | Noticed Snorg
 17671 | Lair:4   | Killed Snorg
 17868 | Lair:4   | Reached skill level 10 in Shields
 17910 | Lair:4   | Reached XP level 14. HP: 132/132 MP: 13/13
 17940 | Lair:4   | Found a staircase to the Slime Pits.
 18287 | Lair:5   | Received a gift from Trog
 18294 | Lair:5   | Reached ****** piety under Trog
 18633 | Lair:5   | Reached skill level 15 in Fighting
 18633 | Lair:5   | Reached skill level 15 in Axes
 18954 | Lair:5   | Identified the +7 mace of Yesterday {antimagic, rElec rCorr
                  | Str+3}
 19088 | Lair:5   | Reached skill level 15 in Armour
 19163 | Lair:5   | Found a runed translucent gate.
 19163 | Lair:5   | Found a runed translucent gate.
 19163 | Lair:5   | Found a runed translucent gate.
 19177 | Lair:5   | Noticed Clive's ghost (journeyman MiFi)
 19177 | Lair:5   | Noticed Manslay's ghost (journeyman OpCj)
 19177 | Lair:5   | Noticed LLlMATKO's ghost (journeyman MiBe)
 19572 | Lair:5   | Noticed Metae's ghost (journeyman MiFi)
 19709 | Lair:5   | Killed Metae's ghost
 19712 | Lair:5   | Killed Manslay's ghost
 19713 | Lair:5   | Killed Clive's ghost
 19715 | Lair:5   | Killed LLlMATKO's ghost
 19852 | Lair:5   | Identified the ring "Jusoc" {rCorr Int+2 SInv}
 20059 | Orc:1    | Entered Level 1 of the Orcish Mines
 20411 | Orc:2    | Entered Level 2 of the Orcish Mines
 20416 | Orc:2    | Received a gift from Trog
 20442 | Orc:1    | Reached XP level 15. HP: 86/141 MP: 14/14
 20935 | Orc:2    | Noticed Maurice
 20943 | Orc:2    | Killed Maurice
 20969 | Orc:2    | Found Tironedgh's Book Boutique.
 21201 | Orc:2    | Found Muubuenk's Distillery.
 21525 | Orc:2    | Found a shimmering blue altar of Sif Muna.
 21596 | Orc:2    | Found a staircase to the Elven Halls.
 21749 | Orc:2    | Received a gift from Trog
 21760 | Orc:2    | Noticed Saint Roka
 21779 | Orc:2    | Killed Saint Roka
 21876 | Orc:2    | Found Hofeeh's Magic Scroll Emporium.
 21879 | Orc:2    | Bought a scroll of acquirement for 884 gold pieces
 21879 | Orc:2    | Acquired a manual of Shields
 21920 | Orc:2    | Found Vaper's Weapon Shoppe.
 21920 | Orc:2    | Found Okkeavop's Armour Boutique.
 22833 | D:13     | Found a transporter.
 22840 | D:13     | Found a transporter.
 22855 | D:13     | Found a runed translucent door.
 22855 | D:13     | Found a bloodstained altar of Trog.
 22855 | D:13     | Found the necklace of Bloodlust {Fury *Rage Will++ Int-3
                  | Slay+6}
 23240 | D:13     | Reached skill level 16 in Axes
 23578 | D:14     | Found a stormy altar of Qazlal.
 23678 | D:14     | Found Atuwumor's Antique Armour Boutique.
 23883 | D:14     | Received a gift from Trog
 24038 | D:14     | Reached skill level 15 in Dodging
 24120 | D:14     | Noticed Roxanne
 24126 | D:14     | Killed Roxanne
 24175 | D:14     | Found an ornate altar of the Wu Jian Council.
 24370 | D:14     | Found a gate to the Vaults.
 24547 | Swamp:1  | Entered Level 1 of the Swamp
 24561 | Swamp:1  | Reached XP level 16. HP: 152/152 MP: 15/15
 24581 | Swamp:1  | Reached skill level 17 in Axes
 25020 | Swamp:1  | Identified the +1 robe of Fabulous the Good {rF- rN+ Regen+
                  | Stlth+}
 25315 | Swamp:2  | HP: 6/154 [spore (13)]
 25760 | Swamp:2  | Reached skill level 15 in Shields
 26006 | Swamp:2  | Received a gift from Trog
 26294 | Swamp:3  | Noticed Donald
 26304 | Swamp:3  | Killed Donald
 26495 | Swamp:3  | Noticed Jorgrun
 26500 | Swamp:3  | Killed Jorgrun
 26648 | Swamp:3  | Reached skill level 18 in Axes
 27243 | Swamp:4  | Entered Level 4 of the Swamp
 27243 | Swamp:4  | Noticed Bai Suzhen
 27255 | Swamp:3  | Killed Bai Suzhen
 28532 | Swamp:4  | Reached XP level 17. HP: 162/162 MP: 16/16
 28604 | Swamp:4  | Reached skill level 19 in Axes
 29171 | Swamp:4  | Got a decaying rune of Zot
 29504 | Snake:1  | Entered Level 1 of the Snake Pit
 29504 | Snake:1  | Noticed Rupert
 29511 | Snake:1  | Killed Rupert
 29695 | Snake:1  | Found Wufocw's Specific Store.
 29699 | Snake:1  | Found Xuseig's General Store.
 31412 | Snake:2  | Received a gift from Trog
 32038 | Snake:2  | Reached skill level 20 in Axes
 32064 | Snake:2  | Slain by a nagaraja

Illustrated notes

Levels and vault maps discovered:
D:1:      minmay_arrival_wavy_path, layout_basic, serial_shops, shop,
          serial_corexii_hall, corexii_hall_statues_i, corexii_hall_statues_t,
          corexii_hall_statues_i, chequers_hall_statues_corner_a,
          minmay_misc_feat_x
D:2:      layout_basic, minmay_randomly_rotated_circles, uniq_terence
D:3:      layout_loops_ring, kennysheep_ying_yang,
          chequers_ecumenical_altar_grove, gammafunk_ghost_grave, uniq_natasha
D:4:      layout_gridville, nicolae_overflow_hallway_of_the_gods, temple_pool_b,
          hangedman_abyss_or_decor_slice, uniq_menkaure
D:5:      layout_rooms
D:6:      layout_loops_ring
D:7:      layout_cave_pools, lemuel_doored_altar,
          mainiacjoe_overflow_cross_hatched, serial_undead, serial_undead_d,
          serial_undead_e, serial_undead_d, serial_undead_d,
          gammafunk_ghost_abyssal_escape
D:8:      layout_basic, mainiacjoe_overflow_small_starburst,
          mainiacjoe_overflow_surrounded_room, enter_bailey_5, chequers_avenue,
          uniq_psyche
D:9:      layout_stronghold, erik_orc_4, minmay_strange_pillars
D:10:     layout_loops_corners, ashenzari_altar_1, kiku_gazebo_pond_becter,
          david_lair_shrubbed
D:11:     lemuel_insect_pit, layout_loops_ring, serial_shops, shop
D:12:     nicolae_aperiodic_l_corner, layout_cave_pods, uniq_kirke
D:13:     emtedronai_trogs_sanctum, layout_small_grid
D:14:     layout_rooms, grunt_vaults_entry_fortified, serial_shops, shop,
          nzn_wu_jian_council_hall, nicolae_qazlal_general_emergency,
          uniq_roxanne
Lair:1:   layout_regular_city
Lair:2:   layout_regular_city, nicolae_swamp_entry_splash_gauntlet,
          nicolae_snake_entry_warm_welcome, st_stairs_8
Lair:3:   layout_loops_ring
Lair:4:   layout_roguey, nicolae_slime_entry_field_trip, ldierk_geyser,
          lemuel_fruit_tree, uniq_snorg
Lair:5:   gammafunk_lair_ancient_temple, layout_regular_city,
          gammafunk_ghost_cemetery, grunt_megastairs_3,
          infiniplex_staircase_pool_2
Swamp:1:  layout_basic_swamp, nicolae_swamp_oxbows
Swamp:2:  nicolae_swamp_secret_spriggan_hideout, layout_falls_marsh,
          evilmike_swamp_ruin_house_5
Swamp:3:  layout_falls_marsh, nicolae_swamp_some_circles, swamp_pool3,
          nzn_swamp_dancing_lights, uniq_jorgrun, uniq_donald
Swamp:4:  swamp_basic_johnstein, layout_basic_swamp, uniq_bai_suzhen
Snake:1:  layout_chambers, serial_bayou_pond_a,
          nicolae_snake_gridmaze_entwining, nicolae_specific_store, uniq_rupert
Snake:2:  layout_misc_corridors, st_stairs_3, nicolae_snake_storage_room
Orc:1:    layout_caves
Orc:2:    st_orc_town, layout_caves, serial_shops, nicolae_shop_rolled_up,
          kennysheep_orc_sif_temple, uniq_maurice, uniq_saint_roka

Skill      XL: |  1  2  3  4  5  6  7  8  9 10 11 12 13 14 15 16 17 |
---------------+----------------------------------------------------+-----
Fighting       | 4 5 6 7 9 10 11 13 14 15 16 17 18 | 18.3
Axes           | 4 5 6 7 9 10 12 13 14 15 16 18 20 | 20.2
Armour         | 3 4 6 7 9 10 11 12 14 15 16 17 18 | 18.1
Dodging        | 3 4 5 6 8 9 10 11 12 14 15 16 | 16.7
Shields        | 2 5 8 10 11 14 16 18 | 18.2

Action                     |  1- 3 |  4- 6 |  7- 9 | 10-12 | 13-15 | 16-18 || total
---------------------------+-------+-------+-------+-------+-------+-------++-------
  Melee: Hand axe          |    71 |   117 |    75 |       |       |       ||   263
         Headbutt          |     7 |    16 |    52 |   121 |   223 |   124 ||   543
         Punch             |     1 |       |       |       |       |       ||     1
         War axe           |       |       |   154 |   481 |   510 |       ||  1145
         Unarmed           |       |       |       |    15 |       |       ||    15
         Whip              |       |       |       |       |    23 |    72 ||    95
         Broad axe         |       |       |       |       |   386 |   498 ||   884
  Throw: Dart              |       |       |       |     2 |     1 |     8 ||    11
 Invoke: Berserk           |     1 |     3 |     5 |     6 |     7 |     6 ||    28
         Trog's Hand       |       |     1 |       |     2 |     3 |     1 ||     7
         Brothers in Arms  |       |       |       |       |     2 |     1 ||     3
  Evoke: Wand              |       |       |       |       |     3 |       ||     3
    Use: Scroll            |       |       |    12 |       |    21 |     3 ||    36
         Potion            |       |       |       |       |       |     1 ||     1
   Stab: Confused          |       |       |       |       |       |     3 ||     3
 Armour: Animal skin       |     7 |       |       |       |       |       ||     7
         Chain mail        |    13 |    49 |    85 |       |       |       ||   147
         Plate armour      |       |       |    45 |   170 |   352 |   326 ||   893
  Dodge: Dodged            |    43 |    61 |   149 |   315 |   449 |   325 ||  1342
  Block: Kite shield       |       |       |       |   196 |   776 |   563 ||  1535
         Other             |       |       |       |     5 |       |       ||     5
         Reflection        |       |       |       |     4 |    38 |    31 ||    73
